 Dungeon Crawl Stone Soup version 0.17-a0-1202-g2dd280d (webtiles) character file.

168 Kisielow the Vexing (level 5, 0/35 HPs)
             Began as a Vampire Enchanter on June 3, 2015.
             Slain by an orc wizard
             ... wielding a +0 vampiric dagger
              (2 damage)
             ... on level 4 of the Dungeon.
             The game lasted 00:10:10 (2711 turns).

Kisielow the Vexing (Vampire Enchanter)             Turns: 2711, Time: 00:10:10

Health: 0/35       AC:  0    Str:  2    XL:     5   Next: 23%
Magic:  0/8        EV: 20    Int: 18    God:
Gold:   105        SH:  0    Dex: 20    Spells: 3 memorised, 0 levels left

rFire  . . .     SeeInvis +     (weapon currently unavailable)
rCold  . . .     Clarity  .     (armour currently unavailable)
rNeg   + . .     SustAt   .     (shield currently unavailable)
rPois  .         Gourm    .     (helmet currently unavailable)
rElec  .         Spirit   .     (cloak currently unavailable)
rCorr  .         Warding  .     (gloves currently unavailable)
rMut   .         Stasis   .     (boots currently unavailable)
MR     .....                    (no amulet)
Stlth  ++++......               (ring currently unavailable)
                                (ring currently unavailable)

@: bat-form, flying, very slightly contaminated, very quick, not resistant to
hostile enchantments, stealthy
A: (fangs 0), see invisible, (unbreathing)
a: End Transformation


You were on level 4 of the Dungeon.
You were not thirsty.
You were in vampire-bat-form.
You visited 1 branch of the dungeon, and saw 4 of its levels.

You collected 105 gold pieces.

Inventory:

Hand weapons
 j - a +2 dagger of venom (melded)
Armour
 b - a +1 robe (melded)
 h - a +0 leather armour
 p - a +1 pair of boots (melded)
Jewellery
 a - an uncursed amulet of warding {unknown}
 l - a cursed ring of teleportation (melded)
 n - a ring of flight (melded)
Magical devices
 k - a wand of fireball (6)
Scrolls
 e - a scroll of amnesia
 f - a scroll of blinking
 q - a scroll of fog
 r - a scroll of fear {unknown}
Potions
 d - a potion of curing {unknown}
 g - a potion of lignification {unknown}
 i - 8 potions of blood
 m - a potion of magic {unknown}
 o - a potion of resistance
Books
 c - a book of Maledictions

   Spells                             Type                      Level
   a - Corona                         Hexes                        1
   b - Ensorcelled Hibernation        Hexes/Ice                    2
   c - Confuse                        Hexes                        3
   d - Tukima's Dance                 Hexes                        3
   e - Dazzling Spray                 Conjuration/Hexes            3


   Skills:
 - Level 1.1 Short Blades
 - Level 2.1 Dodging
 + Level 6.8 Stealth
 - Level 2.0 Spellcasting
 * Level 7.2 Hexes


You couldn't memorise any spells.
You knew the following spells:

 Your Spells              Type           Power        Failure   Level  Hunger
a - Confuse               Hex            ####....     2%          3    ###....
b - Dazzling Spray        Conj/Hex       ##......     14%         3    ###....
s - Ensorcelled Hibernat  Hex/Ice        ##....       8%          2    ###....


Dungeon Overview and Level Annotations

Branches:
Dungeon (4/15)
 Temple: D:4-7

Altars:


Innate Abilities, Weirdness & Mutations

((You have razor-sharp teeth.))
You have supernaturally acute eyesight.
((You can survive without breathing.))


Message History

There is an open door here.
The orc wizard misses you.
The orc wizard gestures at you while chanting.
The puff of flame hits you!
* * * LOW HITPOINT WARNING * * *
As you open the door, it creaks loudly! The orc wizard closely misses you.
The orc wizard hits you but does no damage.
There is an open door here.
Use which ability? (? or * to list)
You turn into a vampire bat.
Your +2 dagger of venom melds into your body.
Your +1 pair of boots melds into your body.
Your +1 robe melds into your body.
Your cursed ring of teleportation melds into your body.
Your ring of flight melds into your body.
Your +2 dagger of venom stops dripping with poison.
The orc wizard closely misses you.
The orc wizard hits you with a vampiric dagger.
You die...

#(........+
#.........#
##'####...#
#..'.#...+
#..#.'...#
#o.#.#...#
#g####...##+#
#o###........#
#.b.'........+
#...#........##
#...##+####...#
#....+ ...+
##'####
##+#...###..
#...###+#....#
#....
#...'...#....#
#....
#...#...'....+
+....
#...#...#....#
#....


You could see an orc wizard (invisible), an orc and a goblin.

Vanquished Creatures
  A hound (D:4)
  3 adders
  3 gnolls (D:2)
  An ooze (D:2)
  2 worms
  4 giant geckos
  An orc (D:4)
  5 bats
  4 giant cockroaches
  8 hobgoblins
  10 jackals
  6 kobolds
  2 quokkas
  3 giant newts
  4 goblins
  8 rats
65 creatures vanquished.

Notes
Turn   | Place    | Note
--------------------------------------------------------------
     0 | D:1      | Kisielow the Vampire Enchanter began the quest for the Orb.
     0 | D:1      | Reached XP level 1. HP: 13/13 MP: 3/3
   210 | D:1      | Reached XP level 2. HP: 2/19 MP: 1/5
   345 | D:1      | Reached skill level 5 in Hexes
   376 | D:1      | Learned a level 2 spell: Ensorcelled Hibernation
   475 | D:1      | Reached skill level 5 in Stealth
   643 | D:1      | Reached XP level 3. HP: 18/24 MP: 6/6
   979 | D:1      | Learned a level 3 spell: Confuse
  1208 | D:2      | Reached skill level 6 in Hexes
  1345 | D:2      | Reached XP level 4. HP: 30/30 MP: 0/7
  2614 | D:4      | Reached skill level 7 in Hexes
  2614 | D:4      | Reached XP level 5. HP: 35/35 MP: 5/8
  2636 | D:4      | Learned a level 3 spell: Dazzling Spray
  2707 | D:4      | HP: 1/35 [orc wizard/puff of flame (4)]
  2711 | D:4      | Slain by an orc wizard

Vault maps used:
D:1:      sevenhm_arrival_forest_fort_small_4
D:2:      minmay_parallelograms, minmay_misc_feat_tower
D:3:      first_bread
D:4:      kennysheep_little_box, kennysheep_mini, grunt_ministairs_6,
          guppyfry_shop_venom, uniq_grinder

Action                   |  1- 3 |  4- 6 || total
-------------------------+-------+-------++-------
Melee: Dagger            |   102 |    79 ||   181
 Cast: Corona            |     4 |       ||     4
       Ensorcelled Hiber |     9 |    12 ||    21
       Confuse           |     6 |     2 ||     8
       Dazzling Spray    |       |     1 ||     1
 Abil: Bat Form          |       |     1 ||     1
  Use: Potion            |     6 |     2 ||     8
       Scroll            |     2 |     5 ||     7
 Stab: Sleeping          |     8 |    19 ||    27
       Distracted        |     1 |       ||     1
       Confused          |     2 |     1 ||     3
  Eat: Corpse            |     2 |       ||     2
